cohdb
Replays
Latest Replays
All Replays
Popular Replays
Top Player Replays
Match Explorer
How It Works
Community
CoH3 Stats
Reddit
Sign in to upload your games and track your stats! →
Sign in with Steam
Match 41579751
Unlisted
Match 41579751
Overview
Messages
Build Orders
End
Construct Infanterie Kompanie
Selects Italian Coastal Battlegroup
Selects Coastal Reserves
Coastal Reserve
MG 42 Machine Gun Team
MG 42 Machine Gun Team
Coastal Reserve
Medical Station
Selects Artillery Officer
Infanterie Officer Quarters
MG 42 Bunker
Medical Bunker
Construct Luftwaffe Kompanie
GrW 34 Mortar Team
Selects Support Bunkers
Construct Panzergrenadier Kompanie
Selects Rapid Fortifications
Support Elements
Sniper
Rapid Fortifications
Nebelwerfer 42 Rocket Launcher Team
Sniper
Selects Obice da 210/22 Artillery Emplacement
LED
弓弦
Bruce_Wayne__
[EASY]Crispyengineer
mp5
Dawes
2943866230
阿史那尤利多
0
0
Comments
sign in to comment!
No comments posted yet!